 Dungeon Crawl Stone Soup version 0.31-a0-18-gea43df2a32 (webtiles) character file.

Game seed: 12632590947268083575

97 subawu the Sneak (level 4, 0/21 HPs)
             Began as a Spriggan Enchanter on May 11, 2023.
             Slain by a gnoll
             ... wielding a +0 spear
             ... led by a gnoll bouda
              (8 damage)
             ... on level 4 of the Dungeon on May 12, 2023.
             The game lasted 00:21:41 (4205 turns).

subawu the Sneak (Spriggan Enchanter)               Turns: 4205, Time: 00:21:41

Health: 0/21       AC:  3    Str:  6    XL:     4   Next: 42%
Magic:  3/10       EV: 18    Int: 16    God:
Gold:   153        SH:  0    Dex: 15    Spells: 5/10 levels left

rFire   . . .        s - +3 dagger
rCold   + . .        (no shield)
rNeg    . . .        p - +0 robe
rPois   .            (helmet restricted)
rElec   .            k - +0 cloak
rCorr   .            (gloves unavailable)
SInv    +            (boots unavailable)
Will    .....        i - amulet of regeneration
Stlth   +++          l - ring of protection from cold
HPRegen 1.03/turn    (no ring)
MPRegen 0.12/turn

%: no passive effects
@: weakened, very quick
A: very small, no large weapons, unfitting armour, see invisible, speed 3
a: no special abilities


You were on level 4 of the Dungeon.
You visited 1 branch of the dungeon, and saw 4 of its levels.

You collected 153 gold pieces.

Inventory:

Hand Weapons
 a - a +1 dagger
 g - a +0 dagger
 m - a +0 short sword
 o - a +0 short sword
 r - a +0 short sword
 s - a +3 dagger (weapon)
 t - a +0 sling
Missiles
 f - 47 stones (quivered)
Armour
 b - a +0 robe
 k - a +0 cloak (worn)
 p - a +0 robe (worn)
Jewellery
 i - an amulet of regeneration (around neck)
 l - a ring of protection from cold (left hand)
Scrolls
 e - a scroll of magic mapping
Potions
 c - 2 potions of invisibility
 d - a potion of brilliance
 h - 3 potions of curing
 u - 2 potions of degeneration
 v - a potion of berserk rage


   Skills:
 + Level 2.2 Short Blades
 + Level 3.6 Dodging
 + Level 5.3 Stealth
 + Level 3.5 Spellcasting
 + Level 4.3 Hexes


You had 5 spell levels left.
You knew the following spells:

 Your Spells              Type           Power      Damage    Failure   Level
a - Ensorcelled Hibernat  Hex/Ice        18%        N/A       11%         2
b - Confusing Touch       Hex            16%        N/A       9%          3

Your spell library contained the following spells:

 Spells                   Type           Power      Damage    Failure   Level
 Tukima's Dance           Hex            16%        N/A       9%          3
 Dazzling Flash           Conj/Hex       18%        N/A       22%         3
 Lesser Beckoning         Tloc           4%         N/A       26%         2
 Gell's Gravitas          Tloc           2%         N/A       47%         3
 Teleport Other           Tloc           2%         N/A       47%         3


Dungeon Overview and Level Annotations

Branches:
Dungeon (4/15)
 Temple: D:4-7

Altars:

Annotations:
D:4 Pikel


Innate Abilities, Weirdness & Mutations

You are very small and have problems with some larger weapons.
You are too small for most types of armour.
You have supernaturally acute eyesight. (SInv)
You cover ground extremely quickly. (Speed+++)


Message History

An orc comes into view. It is wielding a +0 trident.
The orc shouts!
Casting: Ensorcelled Hibernation (safe; 11% risk of failure)
Confirm with . or Enter, or press ? or * to list all spells.
Aiming: Ensorcelled Hibernation (safe; 11% risk of failure)
Press: ? - help, Shift-Dir - straight line, f - gnoll bouda, p - gnoll
Aim: a gnoll bouda, wielding a +0 whip and wearing a +0 robe (chance to affect: 43%)
The gnoll bouda resists with some effort.
The gnoll hits you with a +0 flail.
The gnoll bouda gazes fiercely through you!
You feel your attacks grow feeble. The gnoll bouda barely misses you.
The gnoll misses you.
An orc comes into view. It is wielding a +0 club.
Casting: Ensorcelled Hibernation (safe; 11% risk of failure)
Confirm with . or Enter, or press ? or * to list all spells.
The spell is quite dangerous to miscast (9% risk of failure)!
Continue anyway?
Your hands begin to glow red.
The gnoll closely misses you. The gnoll hits you with a +0 flail.
The gnoll barely misses you.
An orc comes into view.
It is wielding a +0 hand axe and quivering silver boomerangs.
The gnoll bouda barely misses you.
You hit the gnoll but do no damage.
The gnoll appears confused.
The gnoll completely misses you. x2; The gnoll hits you but does no damage.
An orc comes into view. It is wielding a +0 club.
The gnoll bouda barely misses you. The gnoll hits you with a +0 club.
You hit the gnoll.
The gnoll is moderately wounded.
The gnoll barely misses you. The gnoll closely misses you. x2
The gnoll bouda barely misses you.
You catch the helpless gnoll completely off-guard!
You puncture the gnoll!
You kill the gnoll!
The gnoll hits you with a +0 club.
* * * LOW HITPOINT WARNING * * *
The gnoll misses you. The gnoll completely misses you.
The gnoll bouda barely misses you.
Found 16 gold pieces.
The gnoll misses you.
Things that are here:
a +0 whip; a gnoll corpse The gnoll hits you with a +0 spear!
You die... #.# .. oo.

#.#
#.######oo$
#<# #.#....≈≈≈
#.# #.#....≈#
#.#
###.#....≈#
#.# ..o.g...≈#
#.# #gg...≈#
..#
####g)@..≈##
.##
#..<.g...≈≈≈.≈
.
#.##..........
.. #l..##≈≈≈.≈
... ...##
≈##.# ...
...## # ≈ ##
..... #..##.
l. .


You could see a gnoll bouda, an iguana, 4 gnolls and 5 orcs.

Vanquished Creatures
  2 adders (D:2)
  A gnoll (D:4)
  3 dart slugs
  5 orcs (D:3)
  4 ball pythons
  5 endoplasms
  A giant cockroach (D:1)
  6 goblins
  2 hobgoblins (D:2)
  6 jackals
  8 kobolds
  A quokka (D:2)
  3 bats
  5 frilled lizards
  3 rats
55 creatures vanquished.

Notes
Turn   | Place    | Note
-------+----------+-------------------------------------------
     0 | D:1      | subawu the Spriggan Enchanter began the quest for the Orb.
     0 | D:1      | Reached XP level 1. HP: 9/9 MP: 5/5
   716 | D:1      | Reached XP level 2. HP: 13/13 MP: 6/6
  1182 | D:2      | Learned a level 2 spell: Ensorcelled Hibernation
  1407 | D:2      | Reached XP level 3. HP: 16/16 MP: 8/8
  1753 | D:2      | Reached skill level 5 in Stealth
  2804 | D:3      | Reached XP level 4. HP: 21/21 MP: 10/10
  3267 | D:3      | Learned a level 3 spell: Confusing Touch
  4102 | D:4      | Noticed Pikel
  4102 | D:4      | Noticed a lemure
  4103 | D:4      | Noticed a lemure
  4103 | D:4      | Noticed a lemure
  4205 | D:4      | Slain by a gnoll

Illustrated notes

Levels and vault maps discovered:
D:1:      lightli_arrival_flooded_house, layout_loops_ring,
          nicolae_concentric_dashed_squares_wild
D:2:      layout_basic, chequers_serial_rivers_micro_e,
          grunt_decor_mini_mirrors, kennysheep_pointless_box,
          nicolae_figureground_sparkle
D:3:      layout_loops_corners, serial_bayou_crossing
D:4:      layout_rooms, mainiacjoe_overflow_catwalk,
          nicolae_overflow_two_pavilions, serial_shops, nicolae_square_shop,
          uniq_grinder, uniq_eustachio, uniq_pikel, uniq_duvessa

Skill      XL: |  1  2  3 |
---------------+----------+-----
Dodging        | 3 |  3.6
Spellcasting   | 3 |  3.5
Hexes          | 4 |  4.3
Stealth        | 5 |  5.3
Short Blades   | 2 |  2.2

Action                     |  1- 3 |  4- 6 || total
---------------------------+-------+-------++-------
  Melee: Dagger            |   150 |    35 ||   185
         Punch             |     2 |       ||     2
   Cast: Ensorcelled Hiber |     7 |     5 ||    12
         Confusing Touch   |       |     1 ||     1
    Use: Scroll            |     3 |     4 ||     7
         Potion            |       |     6 ||     6
   Stab: Sleeping          |     9 |     5 ||    14
         Confused          |       |     1 ||     1
 Armour: Robe              |    20 |     5 ||    25
  Dodge: Dodged            |   156 |    43 ||   199

Table legend: (Time is in decaauts)
 A = Elapsed time spent in this place.
 B = Non-inter-level travel time spent in this place.
 C = Inter-level travel time spent in this place.
 D = Time resting spent in this place.
 E = Time spent auto-exploring this place.
 F = Levels seen in this place.
 G = Mean time per level.
                   A        B        C        D        E       F      G
               +--------+--------+--------+--------+--------+-----+--------+
         Total |   2776 |   2560 |    216 |    261 |    151 |   4 |  694.0 |
       Dungeon |   2776 |   2560 |    216 |    261 |    151 |   4 |  694.0 |
               +--------+--------+--------+--------+--------+-----+--------+

Top non-repeatable levels by time:
     D:3: 1230 daAuts
     D:2: 844 daAuts
     D:1: 687 daAuts
     D:4: 13 daAuts
